AoeStats
← CougarHuntin

Oasis

509807871Analyzed
2v2 RM · 2d ago on Sep 28, 2026· 54m 45s· 4 players
Game mode
Random Map
Map size
Medium (4 player)
Population
200
Speed
Normal
Resources
Standard
Victory
Conquest
Starting age
Dark Age
Ending age
Imperial Age
RankedLock teamsTeams togetherTeam positionsShared explorationLock speedFull tech treeHidden civsTurbo modeCheats
Victory
Defeat
🇺🇸 Mongols · United States
688
+20
🇺🇸 Mongols · United States
687
+20
🇺🇸 Varangians · United States
821
-22
🇨🇳 Chinese · China
734
-18
DisgruntledShark
11:14 Feudal Age
11:53 Double-Bit Axe
13:23 Bloodlines
13:13 Horse Collar
15:46 Scale Barding Armor
17:05 Gold Mining
19:06 Forging
626566706
0:32 Loom
12:07 Feudal Age
18:27 Arson
18:57 Double-Bit Axe
18:57 Horse Collar
22:53 Castle Age
22:18 Wheelbarrow
23:10 Bloodlines
22:54 Town Watch
28:10 Squires
28:56 Stone Mining
28:57 Gold Mining
28:58 Pikeman
29:42 Scale Mail Armor
30:46 Hand Cart
31:30 Chain Mail Armor
32:47 Town Patrol
34:39 Stone Shaft Mining
34:39 Gold Shaft Mining
35:32 Husbandry
38:32 Imperial Age
35:49 Light Cavalry
36:58 Forging
36:49 Padded Archer Armor
36:40 Fletching
36:56 Scale Barding Armor
38:32 Ballistics
38:23 Masonry
38:59 Iron Casting
38:41 Leather Archer Armor
39:07 Bodkin Arrow
39:45 Plate Mail Armor
39:50 Conscription
40:03 Elite Fire Lancer
42:17 Chemistry
41:28 Fortified Wall
41:49 Architecture
41:06 Arrowslits
42:36 Halberdier
43:55 Elite Chu Ko Nu
45:35 Ring Archer Armor
45:05 Bracer
48:15 Heavy Rocket Cart
49:52 Rocketry
51:25 Great Wall
53:20 Bracer
CougarHuntin
0:31 Loom
11:07 Feudal Age
13:05 Double-Bit Axe
19:17 Castle Age
20:45 Bow Saw
23:49 Gold Mining
23:52 Stone Mining
32:36 Bloodlines
32:35 Thumb Ring
32:31 Husbandry
31:54 Light Cavalry
33:32 Wheelbarrow
33:35 Ballistics
38:32 Forging
38:27 Scale Barding Armor
38:13 Fletching
38:23 Padded Archer Armor
41:03 Imperial Age
40:41 Chain Barding Armor
40:57 Iron Casting
40:41 Hand Cart
42:28 Hussar
42:30 Elite Mangudai
46:14 Gold Shaft Mining
46:15 Stone Shaft Mining
46:53 Conscription
47:54 Blast Furnace
46:50 Bodkin Arrow
47:10 Leather Archer Armor
48:03 Blast Furnace
49:12 Bracer
49:43 Parthian Tactics
50:21 Chemistry
49:25 Murder Holes
49:41 Fortified Wall
49:44 Masonry
49:43 Siege Engineers
killertony74
0:32 Loom
10:27 Feudal Age
12:49 Bloodlines
23:19 Castle Age
22:16 Double-Bit Axe
22:23 Stone Mining
22:23 Gold Mining
22:16 Horse Collar
26:28 Fletching
26:38 Padded Archer Armor
26:49 Forging
26:48 Scale Barding Armor
26:45 Scale Mail Armor
27:35 Bow Saw
29:44 Gold Shaft Mining
29:44 Stone Shaft Mining
35:15 Stone Shaft Mining
36:06 Town Watch
36:56 Wheelbarrow
36:39 Leather Archer Armor
36:20 Bodkin Arrow
37:00 Iron Casting
36:40 Chain Mail Armor
36:50 Town Patrol
39:14 Hand Cart
41:30 Imperial Age
40:10 Chain Mail Armor
40:15 Chain Barding Armor
43:01 Plate Mail Armor
43:31 Blast Furnace
42:31 Bracer
43:04 Husbandry
42:24 Light Cavalry
43:40 Ballistics
44:21 Chemistry
43:32 Fortified Wall
43:17 Murder Holes
43:34 Masonry
43:29 Siege Engineers
44:50 Hussar
46:38 Conscription
45:38 Elite Mangudai
46:21 Nomads
45:53 Sappers
46:25 Arson
46:41 Squires
46:01 Pikeman
46:02 Man-at-Arms
Connection lost

Rejoining the realm…

Still unreachable

The connection could not be restored.

Session expired

The server has moved on; the page needs a fresh start.